 Dungeon Crawl Stone Soup version 0.31.0 (webtiles) character file.

Game seed: 15076838451450726006

683 Esekla the Covert (level 7, 0/48 HPs)
             Began as an Octopode Delver on Jan 19, 2024.
             Succumbed to a water moccasin's poison
             ... on level 7 of the Dungeon.
             The game lasted 00:14:47 (1774 turns).

Esekla the Covert (Octopode Delver)                 Turns: 1774, Time: 00:14:48

Health: 0/48       AC:  1    Str: 12    XL:     7   Next: 61%
Magic:  10/10      EV: 14    Int: 20    God:
Gold:   175        SH:  0    Dex: 13    Spells: 4/10 levels left

rFire   + . .        s - +2 dagger (venom)
rCold   + . .        (no shield)
rNeg    . . .        (helmet restricted)
rPois   +            (no amulet)
rElec   +            m - +6 ring of intelligence
rCorr   +            (no ring)
SInv    .            (no ring)
Will    .....        (no ring)
Stlth   +++++        (no ring)
HPRegen 0.28/turn    (no ring)
MPRegen 0.12/turn    (no ring)
                     (no ring)

%: no passive effects
@: lethally poisoned (0 -> -9), resistant, on berserk cooldown, slowed, very
slow
A: almost no armour, amphibious, 8 rings, camouflage 1, gelatinous body 1,
(nimble swimmer 1), tentacles
a: no special abilities


You were on level 7 of the Dungeon.
You visited 1 branch of the dungeon, and saw 5 of its levels.

You collected 175 gold pieces.

Inventory:

Hand Weapons
 a - a +0 falchion
 s - a +2 dagger of venom (weapon)
Missiles
 n - a poisoned dart (quivered)
Jewellery
 m - a +6 ring of intelligence (left tentacle)
Wands
 f - a wand of digging (3)
Scrolls
 b - 2 scrolls of fog
 d - 2 scrolls of fear
 i - a scroll of teleportation {unknown}
 j - a scroll of blinking {unknown}
 l - a scroll of vulnerability {unknown}
 q - a scroll of enchant weapon {unknown}
Potions
 e - 2 potions of haste
 h - 3 potions of magic
 k - a potion of brilliance
 p - a potion of attraction


   Skills:
 * Level 4.1 Fighting
 + Level 1.5(2.7) Short Blades
 * Level 3.4(3.6) Long Blades
 + Level 0.6 Throwing
 * Level 3.3 Dodging
 + Level 8.9 Stealth
 * Level 2.3 Spellcasting
 * Level 1.5 Necromancy
 * Level 2.2 Ice Magic


You had 4 spell levels left.
You knew the following spells:

 Your Spells              Type           Power      Damage    Failure   Level
a - Ozocubu's Armour      Ice            11%        N/A       19%         3
w - Fugue of the Fallen   Necr           8%         N/A       24%         3

Your spell library contained the following spells:

 Spells                   Type           Power      Damage    Failure   Level
 Call Canine Familiar     Summ           2%         N/A       41%         3
 Sigil of Binding         Hex            2%         N/A       41%         3
 Dimensional Bullseye     Hex/Tloc       1%         N/A       83%         4
 Manifold Assault         Tloc           2%         N/A       83%         4
 Conjure Ball Lightning   Conj/Air       1%         3x3d6     100%        6
 Discord                  Hex            1%         N/A       100%        8
 Disjunction              Tloc           1%         N/A       100%        8


Dungeon Overview and Level Annotations

Branches:
Dungeon (7/15)
 Temple: D:4-7

Altars:
Dithmenos
Uskayaw

Annotations:
D:6 3 runed translucent doors, middlethird's ghost, novice VSNe


Innate Abilities, Weirdness & Mutations

You cannot wear most types of armour.
You are amphibious.
You can wear up to eight rings at the same time.
Your skin changes colour to match your surroundings (Stealth+).
Your rubbery body absorbs attacks. (AC +1, EV +1)
((You are camouflaged when in or above water. (Stealth+)))
You have tentacles for arms and can constrict up to eight enemies at once.


Message History

You feel very sick. The water moccasin barely misses you.
The water moccasin closely misses you.
You hit the water moccasin but do no damage.
The water moccasin is heavily wounded.
You constrict the water moccasin.
You feel sick. The water moccasin bites you.
You barely miss the water moccasin.
The water moccasin is heavily wounded.
You constrict the water moccasin.
You feel sick. The water moccasin closely misses you.
You hit the water moccasin. Your squeeze misses the water moccasin.
The water moccasin is heavily wounded.
You constrict the water moccasin.
You feel sick. The water moccasin closely misses you.
The water moccasin bites you.
* * * LOW HITPOINT WARNING * * *
You are lethally poisoned!
The water moccasin poisons you!
It was a potion of berserk rage.
A red film seems to cover your vision as you go berserk!
You feel yourself moving faster!
You feel mighty!
You constrict the water moccasin.
* * * LOW HITPOINT WARNING * * *
You feel very sick. The water moccasin misses you.
You barely miss the water moccasin. You squeeze the water moccasin.
You kill the water moccasin!
* * * LOW HITPOINT WARNING * * *
You feel very sick.
You are too berserk!
There is a lethal amount of poison in your body!
* * * LOW HITPOINT WARNING * * *
You feel very sick.
You feel a strong urge to attack something.
* * * LOW HITPOINT WARNING * * *
You feel sick.
* * * LOW HITPOINT WARNING * * *
You feel sick.
You feel your anger nearly subside.
You are no longer berserk.
You are exhausted.
You feel yourself slow down.
You die...

........#
#...##..##
##..####.###
#....#.....#
#.#......#.###
..#......S##.##
..#.....#..#..###
........#.......##
.##.......##....@#
#.........##...##
#.........######
..........##
...........##
............#
#...........#
..#....#..###
#.#....#.##


There were no monsters in sight!

Vanquished Creatures
  2 water moccasins (D:7)
  A black bear (D:7)
  An ice beast (D:6)
  A phantom (D:4)
  A scorpion (D:5)
  2 bombardier beetles (D:4)
  2 iguanas
  2 adders (D:4)
  2 ribbon worms
  2 orcs
  A bat (D:3)
  4 endoplasms (D:4)
  2 goblins
  2 hobgoblins (D:4)
  3 jackals (D:4)
28 creatures vanquished.

Notes
Turn   | Place    | Note
-------+----------+-------------------------------------------
     0 | D:5      | Esekla the Octopode Delver began the quest for the Orb.
     0 | D:5      | Reached XP level 1. HP: 16/16 MP: 1/1
    34 | D:5      | Noticed a scorpion
    45 | D:5      | Killed a scorpion
    46 | D:5      | Reached skill level 7 in Stealth
    46 | D:5      | Reached XP level 2. HP: 15/21 MP: 1/3
    46 | D:5      | Reached XP level 3. HP: 19/26 MP: 1/4
   151 | D:5      | Found a hide-covered altar of Uskayaw.
   217 | D:6      | Noticed a bullfrog
   300 | D:4      | Reached XP level 4. HP: 27/31 MP: 5/5
   403 | D:4      | Reached skill level 1 in Spellcasting
   496 | D:4      | Noticed an ogre
   544 | D:3      | Learned a level 3 spell: Ozocubu's Armour
   622 | D:4      | Reached skill level 1 in Ice Magic
   631 | D:4      | Reached XP level 5. HP: 36/36 MP: 6/6
   722 | D:4      | Noticed a phantom
   752 | D:4      | Killed a phantom
   897 | D:4      | Learned a level 3 spell: Fugue of the Fallen
   945 | D:4      | Reached skill level 8 in Stealth
   950 | D:4      | Reached XP level 6. HP: 37/43 MP: 6/8
  1272 | D:6      | Noticed an ice beast
  1280 | D:6      | Killed an ice beast
  1281 | D:6      | Found a runed translucent gate.
  1289 | D:6      | Found a runed translucent gate.
  1289 | D:6      | Found a runed translucent gate.
  1290 | D:6      | Noticed a wraith
  1290 | D:6      | Noticed middlethird's ghost (novice VSNe)
  1598 | D:7      | Noticed a troll
  1624 | D:7      | Noticed a water moccasin
  1643 | D:7      | Noticed a black bear
  1645 | D:7      | Killed a water moccasin
  1646 | D:7      | Reached skill level 1 in Short Blades
  1646 | D:7      | Reached skill level 1 in Necromancy
  1646 | D:7      | Reached XP level 7. HP: 47/47 MP: 10/10
  1685 | D:7      | Found a shadowy altar of Dithmenos.
  1685 | D:7      | Noticed a wyvern
  1772 | D:7      | HP: 3/72 [poisoned by a water moccasin]
  1773 | D:7      | HP: 1/72 [poisoned by a water moccasin]
  1774 | D:7      | Succumbed to a water moccasin's poison

Illustrated notes

Levels and vault maps discovered:
D:3:      layout_loops_ring
D:4:      layout_basic
D:5:      layout_loops_ring, kennysheep_mini, uniq_sigmund, uniq_edmund
D:6:      layout_basic, gammafunk_ghost_split
D:7:      layout_cave_pools, nicolae_dithmenos_through_a_glass_darkly,
          minmay_temple_entry_statues_pillars, nicolae_custom_books

Skill      XL: |  1  2  3  4  5  6  7 |
---------------+----------------------+-----
Stealth        | 7 8 |  8.9
Spellcasting   | 1 2 |  2.3
Ice Magic      | 1 2 |  2.2
Long Blades    | 3 |  3.4
Short Blades   | 1 |  1.5
Dodging        | 3 |  3.3
Necromancy     | 1 |  1.5
Fighting       | 4 |  4.1
Throwing       | |  0.6

Action                     |  1- 3 |  4- 6 |  7- 9 || total
---------------------------+-------+-------+-------++-------
  Melee: Falchion          |     4 |     1 |       ||     5
         Tentacles         |     2 |    13 |     2 ||    17
         Constrict         |     1 |    13 |     1 ||    15
         Dagger            |       |    66 |     7 ||    73
         Punch             |       |     2 |       ||     2
  Throw: Dart              |     2 |     2 |       ||     4
   Cast: Ozocubu's Armour  |       |     2 |       ||     2
         Fugue of the Fall |       |     1 |       ||     1
    Use: Scroll            |     1 |     5 |       ||     6
         Potion            |       |       |     2 ||     2
   Stab: Sleeping          |       |     6 |     1 ||     7
 Armour: Skin              |     2 |    23 |     5 ||    30
  Dodge: Dodged            |       |    27 |     5 ||    32
